 Dungeon Crawl Stone Soup version 0.30-a0-726-gd89dcf765f (webtiles) character file.

Game seed: 6221307032491029440

3 hikkokomori the Chiller (level 1, 0/16 HPs)
             Began as a Ghoul Wanderer on Jan 30, 2023.
             Frozen to death by an endoplasm (1 damage)
             ... on level 1 of the Dungeon.
             The game lasted 00:00:51 (86 turns).

hikkokomori the Chiller (Ghoul Wanderer)              Turns: 86, Time: 00:00:52

Health: 0/16       AC:  6    Str: 14    XL:     1   Next: 50%
Magic:  1/1        EV:  9    Int: 11    God:
Gold:   0          SH:  0    Dex:  5    Spells: 1/2 levels left

rFire   . . .      SeeInvis .    a - +0 club
rCold   + . .      Faith    .    (no shield)
rNeg    + + +      Spirit   .    c - +0 scale mail
rPois   ∞          Reflect  .    (no helmet)
rElec   .          Harm     .    (no cloak)
rCorr   .          Rampage  .    (no gloves)
Will    .....                    (no boots) Stlth
                                 (no amulet)
HPRegen 0.00/turn                (no ring)
MPRegen 0.07/turn                (no ring)

@: inhibited regen
A: claws 1, cold resistance 1, negative energy resistance 3, inhibited
regeneration, torment resistance 2, devour on kill
a: no special abilities


You were on level 1 of the Dungeon.
You visited 1 branch of the dungeon, and saw 1 of its levels.

Inventory:

Hand Weapons
 a - a +0 club (weapon)
Armour
 c - a +0 scale mail (worn)
Potions
 b - a potion of might
 d - a potion of haste {unknown}


   Skills:
 + Level 1.3 Fighting
 - Level 1.7 Armour
 + Level 1.1 Spellcasting
 - Level 1.7 Summonings
 + Level 4.4 Ice Magic


You had one spell level left.
You knew the following spells:

 Your Spells              Type           Power      Damage    Failure   Level
a - Freeze                Ice            40%        1d6       22%         1

Your spell library contained the following spells:

 Spells                   Type           Power      Damage    Failure   Level
 Summon Small Mammal      Summ           16%        N/A       54%         1
 Ozocubu's Armour         Ice            10%        N/A       54%         3
 Summon Guardian Golem    Hex/Summ       2%         N/A       96%         3
 Summon Ice Beast         Ice/Summ       7%         N/A       98%         4


Dungeon Overview and Level Annotations

Branches:
Dungeon (1/15)

Altars:


Innate Abilities, Weirdness & Mutations

You are immune to poison.
You have sharp fingernails.
Your flesh is cold resistant. (rC+)
You are immune to negative energy. (rN+++)
You do not regenerate when monsters are visible.
You are immune to unholy pain and torment.
You thrive by killing the living.


Message History

You kill the quokka!
You feel better.
You hit the endoplasm.
The endoplasm is severely wounded.
The endoplasm hits you. The endoplasm freezes you.
You are frozen.
You resist.
You hit the endoplasm but do no damage.
The endoplasm is severely wounded.
The endoplasm freezes you.
You are frozen.
You resist.
You hit the endoplasm.
The endoplasm is almost dead.
The endoplasm freezes you.
You are frozen.
You resist.
* * * LOW HITPOINT WARNING * * *
You completely miss the endoplasm.
The endoplasm is almost dead.
The endoplasm freezes you.
You are frozen.
You resist.
* * * LOW HITPOINT WARNING * * *
You hit the endoplasm but do no damage.
The endoplasm is almost dead.
The endoplasm hits you.
* * * LOW HITPOINT WARNING * * *
The endoplasm hits you but does no damage.
You barely miss the endoplasm.
The endoplasm is almost dead.
The endoplasm barely misses you.
You hit the endoplasm but do no damage.
The endoplasm is almost dead.
The endoplasm hits you but does no damage.
You barely miss the endoplasm.
The endoplasm is almost dead.
The endoplasm freezes you.
You are frozen.
You resist.
* * * LOW HITPOINT WARNING * * *
The endoplasm freezes you.
You are frozen.
You resist.
You die...

....... #...... #......
#.#.# #...... #.#(#
..... #.#.# ... #.#.#
#J######.#.#.......
#.@....#.#.#.......
.#.#......#.#.##......
............>..##......
....#......###.##......
#.####......#
#.##...... # #......#
#.##...... #..!...#
#......... #......#
#.#...#### #......#
#.###...#


You could see an endoplasm.

Vanquished Creatures
  An endoplasm (D:1)
  A quokka (D:1)
  A frilled lizard (D:1)
3 creatures vanquished.

Notes
Turn   | Place    | Note
-------+----------+-------------------------------------------
     0 | D:1      | hikkokomori the Ghoul Wanderer began the quest for the Orb.
     0 | D:1      | hikkokomori set off with the following items: a +0 club, a
                  | potion of might, a +0 scale mail; and the following spells
                  | available to memorise: Freeze, Summon Small Mammal,
                  | Ozocubu's Armour, Summon Guardian Golem, Summon Ice Beast.
     0 | D:1      | Reached XP level 1. HP: 16/16 MP: 1/1
     2 | D:1      | Learned a level 1 spell: Freeze
    86 | D:1      | Frozen to death by an endoplasm

Illustrated notes

Levels and vault maps discovered:
D:1:      sevenhm_arrival_forest_fort_small_4, layout_basic

Action                     || total
---------------------------++-------
  Melee: Club              ||    17
   Cast: Freeze            ||     2
 Armour: Scale mail        ||     7
  Dodge: Dodged            ||     5

Table legend: (Time is in decaauts)
 A = Elapsed time spent in this place.
 B = Non-inter-level travel time spent in this place.
 C = Inter-level travel time spent in this place.
 D = Time resting spent in this place.
 E = Time spent auto-exploring this place.
 F = Levels seen in this place.
 G = Mean time per level.
                   A        B        C        D        E       F      G
               +--------+--------+--------+--------+--------+-----+--------+
         Total |     93 |     93 |      0 |      0 |     58 |   1 |   93.0 |
       Dungeon |     93 |     93 |      0 |      0 |     58 |   1 |   93.0 |
               +--------+--------+--------+--------+--------+-----+--------+

Top non-repeatable levels by time:
     D:1: 93 daAuts
